 Seeded DCSS version 0.28.0-43-g3370ac3207 (webtiles) character file.

Game seed: 7121082916606783627 (custom seed)

4 gzilladon the Chopper (level 1, -3/20 HPs)
             Began as a Hill Orc Monk on Mar 30, 2022.
             Was a Believer of Beogh.
             Hit by a boomerang thrown by an orc (6 damage)
             ... on level 2 of the Dungeon.
             The game lasted 00:00:56 (212 turns).

gzilladon the Chopper (Hill Orc Monk)                Turns: 212, Time: 00:00:57

Health: -3/20      AC:  3    Str: 13    XL:     1   Next: 70%
Magic:  1/1        EV: 12    Int: 10    God:    Beogh [**....]
Gold:   10         SH:  0    Dex: 13    Spells: 0/0 levels left

rFire   . . .      SeeInvis .   a - +0 hand axe
rCold   . . .      Faith    .   (no shield)
rNeg    . . .      Spirit   .   c - +0 leather armour
rPois   .          Reflect  .   (no helmet)
rElec   .          Harm     .   (no cloak)
rCorr   .          Rampage  .   (no gloves)
Will    .....                   (no boots)
Stlth   ++........              (no amulet)
HPRegen 0.06/turn               (no ring)
MPRegen 0.07/turn               (no ring)

@: no status effects
A: no striking features
a: Renounce Religion, Smiting


You were on level 2 of the Dungeon.
You worshipped Beogh.
Beogh was pleased with you.
You visited 1 branch of the dungeon, and saw 3 of its levels.

You collected 10 gold pieces.

Inventory:

Hand Weapons
 a - a +0 hand axe (weapon)
Armour
 b - a +0 robe
 c - a +0 leather armour (worn)


   Skills:
 + Level 3.7 Fighting
 * Level 4.3 Axes
 - Level 2.4 Dodging
 - Level 1.5 Stealth


You couldn't memorise any spells.
You didn't know any spells.
Your spell library was empty.

Dungeon Overview and Level Annotations

Branches:
Dungeon (3/15)

Altars:


Message History

Beogh accepts your kill.
A goblin comes into view. It is wielding a +0 dagger.
You see here a frilled lizard corpse.
There is a stone staircase leading up here.
You climb upwards.
There is a stone staircase leading down here.
Found 14 gold pieces.
You now have 10 gold pieces.
You start resting.
A ball python comes into view.
A goblin comes into view. It is wielding a +0 dagger.
An endoplasm comes into view.
The goblin shouts!
You hit the goblin but do no damage. The goblin hits you but does no damage.
You hit the goblin.
The goblin is moderately wounded.
The goblin hits you with a +0 dagger.
You hit the goblin.
You kill the goblin!
Beogh accepts your kill.
You hit the endoplasm.
The endoplasm is almost dead.
The endoplasm freezes you.
You are frozen.
You slash the endoplasm!
You kill the endoplasm!
Beogh accepts your kill.
Things that are here:
a +0 dagger; a goblin corpse You start resting.
An orc comes into view. It is wielding a +0 club.
The orc shouts!
You hear an angry hiss.
The orc throws a boomerang.
The boomerang hits you.
The ball python hisses angrily.
The orc throws a boomerang.
The boomerang hits you.
* * * LOW HITPOINT WARNING * * *
The goblin shouts!
The orc throws a boomerang.
The boomerang hits you.
You die...
Beogh appreciates the orc's killing of a heretic priest.

.##..#.#... ...
..........# ..# .
##....S...# ..#
#.##.....o...##..#
#............#...#
............#...###.
#.###................
#......).....@...#
#..#..#.#..#$....# ....
#.#..#.....# ##.#
#.#........... ##
#.........#...#
...#####............?.
...............##.#..#
.#..#....#.#...##..g..
...................##.#


You could see an orc, a goblin and a ball python.

Vanquished Creatures
  A ball python (D:2)
  An endoplasm (D:2)
  A goblin (D:2)
  A frilled lizard (D:3)
4 creatures vanquished.

Vanquished Creatures (others)
  2 orcs (D:3)
2 creatures vanquished.

Grand Total: 6 creatures vanquished

Notes
Turn   | Place    | Note
-------+----------+-------------------------------------------
     0 | D:1      | gzilladon the Hill Orc Monk began the quest for the Orb.
     0 | D:1      | Reached XP level 1. HP: 19/19 MP: 1/1
   115 | D:3      | Noticed an orc priest
   115 | D:3      | Noticed an orc priest
   115 | D:3      | Noticed an orc priest
   116 | D:3      | Became a worshipper of Beogh the Brigand
   116 | D:3      | Reached * piety under Beogh
   116 | D:3      | Reached ** piety under Beogh
   212 | D:2      | Hit by a boomerang thrown by an orc

Illustrated notes

Levels and vault maps discovered:
D:1:      minmay_arrival_plants_in_alcoves, layout_rooms, serial_shops, shop,
          chequers_serial_rivers_large_b
D:2:      layout_rooms, hellmonk_ecumenical_altar_leap_of_faith,
          minmay_door_square, nicolae_concentric_dashed_squares_mild
D:3:      cheibrodos_fertilizer, layout_basic, lemuel_tele_altar,
          lemuel_zombie_altar_yredelemnul, serial_shops,
          nicolae_shop_behind_doors, serial_rivers,
          chequers_serial_rivers_small_a, chequers_serial_rivers_micro_c,
          chequers_serial_rivers_room_a, chequers_serial_rivers_micro_e,
          chequers_serial_rivers_small_a, kennysheep_generic_room_9

Action                   || total
-------------------------++-------
Melee: Hand axe          ||     7
Invok: Convert to Beogh  ||     1
Armor: Leather armour    ||     1
Dodge: Dodged            ||     1
